Map: Newkirk Precinct TE (Void)

Players

Neeb - Winner!

  • Race: Protoss Protoss
  • Spawn Location: 7:00

ShoWTimE

  • Race: Protoss Protoss
  • Spawn Location: 5:00

Event: WCS Austin 2017

VOD

Have the link to the VOD?

Description

Time

  • Played on: April 29, 2017, 8:55 p.m.
  • Length: 19:03

All games in this series

Show
View Real Time Build Order
Export as new Build Order

Neeb Protoss - Winner!

Build Orders: Blink Stalkers 

Get SALT Encoding   

  12  0:00  Probe (Chrono Boost)  
  13  0:11  Probe (Chrono Boost)  
  14  0:17  Pylon  
  14  0:22  Probe (Chrono Boost)  
  16  0:35  Probe (Chrono Boost)  
  16  0:36  Gateway  
  16  0:46  Probe (Chrono Boost)  
  16  0:47  Assimilator  
  17  0:51  Assimilator  
  17  0:57  Probe (Chrono Boost)  
  18  1:04  Gateway  
  18  1:08  Probe (Chrono Boost)  
  19  1:19  Probe (Chrono Boost)  
  19  1:23  Cybernetics Core  
  20  1:29  Probe (Chrono Boost)  
  21  1:33  Pylon  
  21  1:40  Probe (Chrono Boost)  
  22  1:50  Probe (Chrono Boost), Warp Gate  
  25  2:01  Mothership Core (Chrono Boost)  
  25  2:03  Adept  
  25  2:04  Adept  
  29  2:11  Pylon  
  29  2:20  Probe (Chrono Boost)  
  30  2:31  Sentry, Stalker  
  34  2:52  Nexus  
  34  2:55  Probe (Chrono Boost)  
  35  3:02  Stalker  
  37  3:13  Twilight Council  
  37  3:15  Probe (Chrono Boost)  
  39  3:28  Probe (Chrono Boost)  
  39  3:38  Pylon  
  39  3:40  Probe (Chrono Boost)  
  38  3:42  Blink  
  38  3:50  Probe (Chrono Boost)  
  39  3:56  Stalker x2  
  44  4:02  Probe (Chrono Boost)  
  44  4:06  Probe (Chrono Boost)  
  44  4:15  Probe (Chrono Boost)  
  46  4:17  Probe (Chrono Boost)  
  46  4:19  Forge  
  46  4:27  Probe x2 (Chrono Boost)  
  48  4:31  Stalker  
  48  4:37  Stalker  
  52  4:40  Protoss Ground Weapons Level 1  
  52  4:41  Probe x2 (Chrono Boost)  
  56  4:53  Probe x2 (Chrono Boost)  
  56  4:54  Pylon  
  54  5:05  Probe (Chrono Boost)  
  54  5:06  Probe (Chrono Boost)  
  53  5:08  Sentry  
  55  5:15  Sentry  
  55  5:17  Probe (Chrono Boost)  
  55  5:18  Probe (Chrono Boost)  
  59  5:23  Robotics Facility  
  60  5:29  Probe (Chrono Boost)  
  60  5:30  Probe (Chrono Boost)  
  60  5:31  Pylon  
  61  5:37  Assimilator  
  61  5:41  Assimilator, Probe (Chrono Boost)  
  63  5:43  Probe (Chrono Boost)  
  63  5:44  Gateway  
  63  5:52  Probe (Chrono Boost), Stalker x2  
  63  5:55  Probe (Chrono Boost)  
  69  6:02  Probe (Chrono Boost)  
  70  6:05  Pylon  
  70  6:07  Probe (Chrono Boost)  
  71  6:13  Probe (Chrono Boost)  
  73  6:19  Probe (Chrono Boost)  
  73  6:23  Probe (Chrono Boost)  
  73  6:25  Immortal  
  78  6:26  Gateway  
  78  6:28  Protoss Ground Weapons Level 2  
  78  6:31  Probe (Chrono Boost)  
  78  6:32  Gateway  
  79  6:34  Probe (Chrono Boost)  
  80  6:42  Pylon  
  80  6:43  Probe (Chrono Boost)  
  80  6:45  Probe (Chrono Boost)  
  82  6:53  Nexus  
  82  6:56  Pylon  
  82  6:57  Probe (Chrono Boost)  
  82  6:58  Probe (Chrono Boost)  
  82  7:01  Pylon  
  84  7:07  Robotics Bay  
  84  7:12  Probe (Chrono Boost)  
  84  7:13  Probe (Chrono Boost)  
  86  7:20  Robotics Facility  
  87  7:24  Probe (Chrono Boost)  
  87  7:25  Probe (Chrono Boost)  
  87  7:29  Observer  
  88  7:31  Stalker x3  
  88  7:36  Probe (Chrono Boost)  
  96  7:41  Stalker x2  
  100  7:49  Disruptor  
  100  7:51  Probe x2 (Chrono Boost)  
  105  8:00  Photon Cannon  
  105  8:02  Disruptor  
  105  8:05  Pylon  
  105  8:08  Probe x3 (Chrono Boost)  
  105  8:11  Pylon  
  111  8:15  Stalker x2  
  116  8:20  Probe (Chrono Boost)  
  116  8:21  Assimilator x2  
  116  8:24  Disruptor  
  116  8:32  Pylon  
  116  8:34  Pylon  
  119  8:36  Disruptor, Probe x2 (Chrono Boost)  
  119  8:37  Probe (Chrono Boost), Pylon  
  119  8:40  Stalker  
  127  8:44  Protoss Ground Weapons Level 3  
  127  8:55  Disruptor  
  128  9:05  Charge  
  128  9:07  Stargate  
  126  9:10  Photon Cannon  
  126  9:14  Immortal  
  126  9:17  Nexus  
  130  9:28  Warp Prism  
  130  9:29  Probe x3 (Chrono Boost), Pylon  
  133  9:36  Stalker x2  
  139  9:45  Oracle  
  139  9:48  Disruptor  
  142  9:57  Gateway  
  142  9:59  Gateway  
  145  10:00  Gateway  
  132  10:15  Disruptor  
  132  10:17  Stalker x5  
  132  10:20  Disruptor, Gateway  
  139  10:25  Probe (Chrono Boost)  
  139  10:26  Probe (Chrono Boost)  
  144  10:33  Assimilator  
  144  10:34  Probe (Chrono Boost)  
  145  10:38  Assimilator, Oracle  
  145  10:44  Stalker x4  
  145  10:47  Stalker  
  158  10:51  Disruptor  
  158  10:52  Pylon  
  161  10:59  Disruptor  
  161  11:10  Stalker x5  
  170  11:36  Zealot x2  
  170  11:37  Zealot x4  
  180  11:43  Disruptor, Zealot x2  
  180  11:45  Protoss Shields Level 1  
  184  11:48  Fleet Beacon, Photon Cannon  
  184  11:50  Photon Cannon  
  187  12:01  Disruptor  
  182  12:10  Zealot x4  
  166  12:30  Protoss Air Weapons Level 1, Stargate  
  166  12:32  Stargate  
  178  12:43  Nexus  
  178  12:50  Zealot  
  178  12:51  Zealot x4  
  188  12:54  Zealot x3  
  188  12:55  Pylon x2  
  188  13:17  Pylon  
  186  13:31  Carrier  
  181  13:37  Carrier x2  
  177  13:47  Nexus  
  157  14:11  Protoss Air Weapons Level 2  
  158  14:17  Assimilator, Probe (Chrono Boost)  
  158  14:18  Assimilator  
  158  14:21  Photon Cannon  
  158  14:29  Graviton Catapult  
  154  14:39  Protoss Shields Level 2  
  154  14:40  Photon Cannon  
  154  14:42  Photon Cannon  
  154  14:43  Zealot x8  
  154  14:44  Photon Cannon  
  154  14:45  Carrier  
  170  14:47  Photon Cannon  
  170  14:51  Carrier  
  176  15:05  Zealot x6  
  194  15:10  Carrier  
  181  15:39  Zealot x8  
  181  16:00  Carrier  
  181  16:03  Zealot x5  
  181  16:04  Zealot x2  
  195  16:06  Carrier  
  195  16:25  Carrier  
  193  16:43  Zealot x2, Nexus  
  193  16:44  Zealot x5  
  183  16:47  Dark Shrine  
  183  16:51  Pylon  
  183  16:52  Photon Cannon  
  175  17:21  Oracle  
  175  17:27  Oracle  
  178  17:35  Stargate  
  181  17:41  Stargate  
  181  17:43  Stargate  
  181  17:44  Assimilator  
  181  17:48  Assimilator  
  167  17:51  Disruptor x2  
  167  17:52  Photon Cannon  
  167  17:53  Photon Cannon  
  167  17:55  Photon Cannon  
  167  17:57  Photon Cannon  
  187  18:23  Zealot x6  
  196  18:42  Assimilator  
  186  19:01  Dark Templar x4  
  186  19:02  Zealot x4  
Show
View Real Time Build Order
Export as new Build Order

ShoWTimE Protoss 

Build Orders: Oracle Opening 

Get SALT Encoding   

  12  0:00  Probe (Chrono Boost)  
  13  0:11  Probe (Chrono Boost)  
  14  0:18  Pylon  
  14  0:22  Probe (Chrono Boost)  
  15  0:36  Probe (Chrono Boost)  
  15  0:37  Gateway  
  16  0:44  Assimilator  
  16  0:47  Probe (Chrono Boost)  
  17  0:51  Assimilator  
  17  0:57  Probe (Chrono Boost)  
  18  1:04  Gateway  
  18  1:08  Probe (Chrono Boost)  
  19  1:18  Probe (Chrono Boost)  
  19  1:24  Cybernetics Core  
  20  1:29  Probe (Chrono Boost)  
  21  1:34  Pylon  
  22  1:40  Probe (Chrono Boost)  
  22  1:50  Probe (Chrono Boost)  
  23  2:00  Warp Gate  
  27  2:01  Mothership Core (Chrono Boost), Adept  
  27  2:02  Adept  
  29  2:13  Pylon  
  29  2:28  Stargate  
  29  2:34  Stalker  
  31  2:41  Stalker  
  33  3:08  Oracle  
  36  3:25  Nexus  
  36  3:26  Probe (Chrono Boost)  
  37  3:28  Pylon  
  37  3:39  Probe (Chrono Boost)  
  38  3:41  Oracle  
  37  3:51  Probe (Chrono Boost)  
  38  3:58  Robotics Facility  
  39  4:03  Probe (Chrono Boost)  
  39  4:15  Probe (Chrono Boost), Adept x2  
  44  4:26  Probe (Chrono Boost)  
  45  4:35  Sentry  
  45  4:37  Probe (Chrono Boost)  
  49  4:38  Probe (Chrono Boost), Pylon  
  49  4:45  Observer  
  49  4:49  Probe x2 (Chrono Boost)  
  52  4:55  Twilight Council  
  52  4:59  Probe (Chrono Boost)  
  54  5:01  Probe (Chrono Boost)  
  50  5:09  Immortal  
  50  5:10  Probe (Chrono Boost)  
  50  5:13  Probe (Chrono Boost)  
  52  5:19  Assimilator  
  52  5:20  Probe (Chrono Boost)  
  57  5:24  Assimilator  
  57  5:25  Probe (Chrono Boost)  
  58  5:31  Probe (Chrono Boost)  
  59  5:36  Pylon  
  59  5:37  Probe (Chrono Boost)  
  59  5:39  Blink  
  59  5:42  Probe (Chrono Boost)  
  61  5:43  Sentry  
  61  5:44  Zealot  
  61  5:49  Probe (Chrono Boost)  
  66  6:02  Gateway  
  66  6:03  Gateway  
  66  6:06  Immortal  
  66  6:07  Pylon  
  70  6:19  Stalker x2  
  70  6:25  Forge  
  74  6:27  Probe (Chrono Boost)  
  74  6:28  Probe (Chrono Boost)  
  76  6:40  Immortal  
  76  6:42  Robotics Bay  
  80  6:56  Pylon  
  80  6:57  Protoss Ground Weapons Level 1  
  80  6:58  Pylon  
  80  6:59  Stalker x2  
  81  7:15  Nexus  
  81  7:19  Pylon  
  81  7:25  Disruptor  
  81  7:32  Stalker x2  
  81  7:36  Stalker  
  90  7:39  Probe (Chrono Boost)  
  90  7:41  Probe (Chrono Boost)  
  92  7:51  Pylon  
  92  7:52  Photon Cannon  
  92  7:55  Photon Cannon  
  92  7:57  Probe (Chrono Boost)  
  94  7:58  Probe (Chrono Boost)  
  94  8:00  Disruptor  
  97  8:09  Probe (Chrono Boost)  
  97  8:11  Probe (Chrono Boost)  
  97  8:12  Stalker  
  102  8:20  Robotics Facility  
  102  8:21  Probe (Chrono Boost)  
  102  8:25  Probe (Chrono Boost)  
  103  8:31  Stalker  
  103  8:32  Disruptor  
  103  8:33  Probe (Chrono Boost)  
  103  8:34  Probe (Chrono Boost)  
  111  8:43  Assimilator, Probe (Chrono Boost)  
  111  8:45  Probe x2 (Chrono Boost)  
  111  8:48  Assimilator  
  113  8:55  Probe (Chrono Boost), Stalker  
  114  8:56  Probe (Chrono Boost), Stalker  
  114  8:57  Probe (Chrono Boost)  
  120  9:06  Disruptor  
  120  9:07  Probe (Chrono Boost)  
  121  9:11  Photon Cannon  
  121  9:12  Disruptor  
  121  9:16  Protoss Ground Weapons Level 2  
  127  9:23  Probe (Chrono Boost)  
  129  9:25  Probe (Chrono Boost)  
  129  9:26  Pylon  
  129  9:27  Pylon  
  129  9:37  Disruptor  
  129  9:39  Pylon  
  129  9:43  Pylon  
  132  9:46  Disruptor  
  132  9:49  Oracle  
  135  9:56  Nexus  
  135  9:59  Zealot  
  137  10:00  Pylon  
  132  10:16  Stalker x3  
  132  10:19  Gateway  
  138  10:23  Gateway, Charge  
  138  10:24  Disruptor  
  138  10:25  Gateway  
  138  10:33  Disruptor  
  140  10:45  Probe (Chrono Boost)  
  140  10:46  Probe x2 (Chrono Boost)  
  140  10:47  Zealot  
  140  10:48  Zealot x3  
  151  10:53  Gateway  
  151  10:57  Disruptor  
  154  11:04  Disruptor  
  154  11:07  Photon Cannon  
  154  11:10  Photon Cannon  
  158  11:11  Probe (Chrono Boost)  
  158  11:12  Photon Cannon  
  158  11:14  Protoss Ground Weapons Level 3  
  149  11:26  Stalker x4  
  159  11:33  Assimilator x2, Probe (Chrono Boost)  
  159  11:34  Probe (Chrono Boost)  
  159  11:46  Photon Cannon  
  159  11:48  Fleet Beacon  
  159  11:49  Stargate  
  159  11:55  Stargate  
  159  12:01  Zealot x4  
  161  12:03  Zealot x2  
  161  12:06  Zealot x2  
  173  12:12  Disruptor  
  173  12:13  Probe (Chrono Boost)  
  173  12:14  Probe x3 (Chrono Boost)  
  170  12:23  Probe (Chrono Boost)  
  170  12:26  Probe x2 (Chrono Boost)  
  173  12:32  Pylon  
  173  12:34  Pylon  
  173  12:36  Protoss Air Weapons Level 1  
  171  12:37  Cybernetics Core  
  171  12:39  Carrier  
  176  12:50  Carrier  
  182  12:57  Photon Cannon  
  182  12:59  Photon Cannon  
  182  13:01  Pylon  
  178  13:08  Graviton Catapult  
  178  13:13  Zealot x4  
  178  13:14  Zealot x2  
  190  13:25  Carrier  
  196  13:27  Zealot x2  
  187  13:43  Protoss Air Armor Level 1, Nexus  
  181  13:54  Protoss Shields Level 1  
  166  13:58  Zealot  
  166  13:59  Zealot x5  
  166  14:00  Oracle  
  162  14:06  Stalker  
  157  14:16  Assimilator  
  155  14:30  Mothership Core (Chrono Boost)  
  157  14:32  Carrier  
  157  14:33  Carrier  
  163  14:42  Pylon  
  163  14:45  Protoss Air Weapons Level 2  
  169  15:02  Assimilator  
  169  15:06  Assimilator  
  175  15:20  Zealot x3  
  175  15:21  Zealot  
  183  15:23  Zealot x2  
  183  15:24  Zealot x2  
  157  15:46  Stalker x5  
  157  15:47  Carrier  
  143  15:57  Carrier  
  145  16:04  Protoss Air Armor Level 2  
  134  16:20  Stalker x4  
  134  16:21  Stalker  
  140  16:29  Nexus  
  126  16:36  Protoss Shields Level 2  
  124  16:43  Probe (Chrono Boost)  
  124  16:46  Probe (Chrono Boost)  
  122  16:47  Probe x2 (Chrono Boost)  
  122  16:48  Assimilator  
  122  16:49  Pylon  
  127  17:02  Stalker x4  
  121  17:41  Templar Archives  
  121  17:42  Nexus  
  121  17:52  Pylon  
  121  17:53  Pylon  
  118  18:22  Zealot x5  
  128  18:46  Zealot  
Tags
 
Add a new tag
Caveats
  • Supply blocks, unpowered buildings, or Contaminate may cause inaccurate times.
  • Supply counts are checked every 10 seconds.